 Dungeon Crawl Stone Soup version 0.18.1-1-g2f07953 (webtiles) character file.

3102 MarkovLaser the Severer (level 9, -5/105 HPs)
             Began as a Minotaur Berserker on July 31, 2017.
             Was a High Priest of Trog.
             Slain by an orc warrior
             ... wielding a +0 glaive
              (20 damage)
             ... in a bailey.
             The game lasted 00:20:43 (6565 turns).

MarkovLaser the Severer (Minotaur Berserker)        Turns: 6565, Time: 00:20:45

Health: -5/105     AC: 14    Str: 30    XL:     9   Next: 59%
Magic:  8/8        EV:  8    Int:  4    God:    Trog [*****.]
Gold:   455        SH:  0    Dex: 10    Spells: 0 memorised, 8 levels left

rFire  + . .     SeeInvis .     I - +5 battleaxe (flame)
rCold  . . .     Gourm    .     H - +0 plate armour
rNeg   . . .     Faith    .     (shield currently unavailable)
rPois  .         Spirit   .     (helmet restricted)
rElec  .         Dismiss  .     F - +0 cloak
rCorr  .         Reflect  .     e - +1 pair of gloves
SustAt .         Harm     .     (no boots)
MR     .....                    (no amulet)
Stlth  ..........               t - ring of protection from cold
                                m - ring of fire

@: berserking, flying, very quick, not resistant to hostile enchantments,
extremely unstealthy
A: retaliatory headbutt, horns 2
a: Berserk, Trog's Hand, Brothers in Arms, Burn Spellbooks, Renounce Religion


You were in a bailey.
You worshipped Trog.
Trog was extremely pleased with you.
You were not hungry.

You visited 1 branch of the dungeon, and saw 7 of its levels.
You also visited: Sewer, Ossuary and Bailey.

You collected 455 gold pieces.

Inventory:

Hand Weapons
 E - the +8 frozen axe "Frostbite" {freezing cloud, *Noise +Fly rC+}
   (You found it on level 6 of the Dungeon)

   It has been specially enchanted to freeze those struck by it, causing extra
   injury to most foes and up to half again as much damage against particularly
   susceptible opponents.
   It can also slow down cold-blooded creatures.
   It protects you from cold.
   It lets you fly.
   It may make noises in combat.
 I - a +5 battleaxe of flaming (weapon)
Armour
 e - a +1 pair of gloves (worn)
 h - a +0 chain mail
 F - a +0 cloak (worn)
 H - a +0 plate armour (worn)
Jewellery
 m - a ring of fire (left hand)
 s - an uncursed ring of positive energy
 t - a ring of protection from cold (right hand)
Wands
 y - a wand of iceblast (1/15)
 C - a wand of lightning (3/15)
Scrolls
 b - 2 scrolls of fear
 d - a scroll of magic mapping
 i - 2 scrolls of identify
 k - a scroll of fog {unknown}
 o - 3 scrolls of blinking {unknown}
 q - a scroll of enchant weapon {unknown}
 r - 2 scrolls of remove curse
 v - 3 scrolls of random uselessness {unknown}
 w - 3 scrolls of teleportation {unknown}
 D - a scroll of noise {unknown}
Potions
 g - a potion of curing
 j - 4 potions of lignification {unknown}
 l - 2 potions of flight
 p - 3 potions of heal wounds
 u - a potion of ambrosia {unknown}
 x - a potion of brilliance {unknown}
 z - 3 potions of haste {unknown}
 A - a potion of cure mutation {unknown}
Comestibles
 a - 5 meat rations
 c - 7 bread rations
 f - 6 fruits
 B - 3 chunks of flesh


   Skills:
 - Level 3.6 Fighting
 + Level 15.4 Axes
 - Level 2.4 Armour
 - Level 2.1 Dodging


You had 8 spell levels left.
You didn't know any spells.

Dungeon Overview and Level Annotations

Branches:
Dungeon (7/15)             Temple (0/1) D:7

Altars:
Fedhas
Trog


Innate Abilities, Weirdness & Mutations

You reflexively headbutt those who attack you in melee.
You have a pair of horns on your head.


Message History

The orc warrior is almost dead.
You hit the orc warrior but do no damage.
The orc warrior is lightly wounded.
You slash the orc warrior! You burn the orc warrior.
The orc warrior is heavily wounded.
The orc warrior hits you with a halberd!
* * * LOW HITPOINT WARNING * * *
You closely miss the orc warrior. Your headbutt misses the orc warrior.
The orc warrior is almost dead.
You closely miss the orc warrior.
The orc warrior is heavily wounded.
You slash the orc warrior! You burn the orc warrior.
The orc warrior is heavily wounded.
The orc knight hits you from afar with a halberd.
* * * LOW HITPOINT WARNING * * *
The orc warrior hits you but does no damage.
The orc warrior hits you with a trident!
* * * LOW HITPOINT WARNING * * *
The orc warrior hits you with a glaive!!
You die...

..........≈≈..## ##))≈≈..........
.≈≈≈≈≈≈≈≈≈≈..##.∩.##..≈≈≈≈≈≈≈≈≈≈.
.≈)))).).)..##.....##))........≈.
.≈)#########'###+#############)≈.
.≈.## ##.........## ##)≈. .≈..##
##§.§≈≈≈§≈≈o.## ##..≈. .≈≈).##
##.§≈≈.....≈§..' ##..≈≈.
∩.≈≈..#'#..§§§.⌠⌠o.§§§.. #..≈≈.#
#.≈≈..#'#..≈§.o.@...≈≈.. #..≈≈.∩
.≈≈..##.##..≈≈..ooo≈≈..# ##..≈≈.
.≈..##...##..≈§§§≈≈§..## ##..≈.
.≈.##.....'#...§.§...##.$$$.##.≈.
.≈.#############'#############.≈.
.≈..........## ... #####..≈.
.≈≈≈≈≈≈≈≈≈≈..##[=[ ######≈≈≈≈≈≈≈.
..........≈≈..##.##...##.........
#########..≈≈..###..≈..##.#######


You could see an orc knight and 5 orc warriors.

Vanquished Creatures
  Prince Ribbit (D:6)
  Sigmund (D:6)
  Duvessa (D:6)
  5 orc warriors
  3 black bears (D:6)
  4 ogres
  2 big kobolds
  A giant frog (D:6)
  Dowan (D:6)
  A scorpion (D:5)
  3 howler monkeys
  A giant frog zombie (D:5)
  3 crimson imps (D:6)
  A hound (D:5)
  Crazy Yiuf (D:4)
  3 human zombies (Ossuary)
  Ijyb (D:2)
  12 orc wizards
  4 worker ants
  A big kobold zombie (Ossuary)
  2 hound zombies
  3 mummies (Ossuary)
  A river rat (Sewer)
  12 adders
  An ooze (D:2)
  2 adder skeletons (D:6)
  An adder zombie (Ossuary)
  2 worms
  2 dart slugs
  8 giant geckos
  30 orcs
  3 ball pythons
  6 giant cockroaches
  9 goblins
  11 hobgoblins
  18 jackals
  13 kobolds
  3 quokkas
  3 bats
  3 giant newts
  5 goblin zombies (Ossuary)
  4 hobgoblin zombies (Ossuary)
  4 jackal zombies (Ossuary)
  6 kobold zombies (Ossuary)
  4 orc zombies (Ossuary)
  4 quokka zombies (Ossuary)
  7 rats
  5 rat zombies (Ossuary)
222 creatures vanquished.

Notes
Turn   | Place    | Note
--------------------------------------------------------------
     0 | D:1      | MarkovLaser the Minotaur Berserker began the quest for the Orb.
     0 | D:1      | Reached XP level 1. HP: 19/19 MP: 0/0
    24 | D:1      | Reached skill level 4 in Axes
   241 | D:1      | Reached XP level 2. HP: 24/26 MP: 1/1
   898 | D:2      | Reached skill level 5 in Axes
   944 | D:2      | Reached XP level 3. HP: 31/31 MP: 2/2
  1114 | D:2      | Reached ** piety under Trog
  1176 | D:2      | Noticed Ijyb
  1182 | D:2      | Killed Ijyb
  1237 | D:2      | Reached XP level 4. HP: 39/39 MP: 3/3
  1406 | D:2      | Reached skill level 6 in Axes
  1866 | D:3      | Found a glowing drain.
  1876 | Sewer    | Entered a sewer
  1937 | Sewer    | Noticed a big kobold
  1951 | Sewer    | Killed a big kobold
  1951 | Sewer    | Reached skill level 7 in Axes
  1951 | Sewer    | Reached XP level 5. HP: 45/45 MP: 4/4
  1999 | Sewer    | Found a white marble altar of Elyvilon.
  2828 | D:3      | Reached skill level 8 in Axes
  2836 | D:3      | Reached *** piety under Trog
  3089 | D:4      | Reached XP level 6. HP: 48/51 MP: 5/5
  3171 | D:4      | Noticed Crazy Yiuf
  3176 | D:4      | Killed Crazy Yiuf
  3408 | D:4      | Reached skill level 9 in Axes
  3419 | D:4      | Reached XP level 7. HP: 13/57 MP: 6/6
  3915 | D:5      | Entered Level 5 of the Dungeon
  3925 | D:5      | Reached skill level 10 in Axes
  4041 | D:5      | Reached skill level 11 in Axes
  4098 | D:5      | Reached **** piety under Trog
  4124 | D:5      | Found a sand-covered staircase.
  4148 | Ossuary  | Entered an ossuary
  4182 | Ossuary  | Reached XP level 8. HP: 63/64 MP: 7/7
  4481 | D:5      | Reached skill level 12 in Axes
  4907 | D:6      | Noticed Prince Ribbit
  4924 | D:6      | Killed Prince Ribbit
  5005 | D:6      | Noticed Dowan
  5006 | D:6      | Noticed Duvessa
  5012 | D:6      | Killed Duvessa
  5012 | D:6      | Reached skill level 13 in Axes
  5014 | D:6      | Killed Dowan
  5221 | D:6      | Found a bloodstained altar of Trog.
  5224 | D:6      | Reached XP level 9. HP: 60/70 MP: 8/8
  5226 | D:6      | Reached skill level 14 in Axes
  5315 | D:6      | Noticed Sigmund
  5322 | D:6      | Killed Sigmund
  5379 | D:6      | Reached ***** piety under Trog
  5623 | D:7      | Found a blossoming altar of Fedhas.
  5650 | D:7      | Found a flagged portal.
  5698 | Bailey   | Entered a bailey
  5741 | Bailey   | Reached skill level 15 in Axes
  6158 | Bailey   | Noticed an orc knight
  6198 | Bailey   | Received a gift from Trog
  6565 | Bailey   | Slain by an orc warrior

Skill      XL: |  1  2  3  4  5  6  7  8  9 |
---------------+----------------------------+-----
Axes           | 4 5 7 8 9 11 13 15 | 15.4
Fighting       | |  3.6
Armour         | |  2.4
Dodging        | |  2.1

Action                   |  1- 3 |  4- 6 |  7- 9 || total
-------------------------+-------+-------+-------++-------
Melee: Hand axe          |    59 |       |       ||    59
       Headbutt          |     5 |    18 |    40 ||    63
       Broad axe         |     3 |   149 |   203 ||   355
       Mace              |       |       |    76 ||    76
       Executioner's axe |       |       |    27 ||    27
       Spear             |       |       |    14 ||    14
       Battleaxe         |       |       |     8 ||     8
Invok: Berserk           |     4 |     3 |     9 ||    16
       Trog's Hand       |       |       |     3 ||     3
 Abil: Evoke Flight      |       |       |     1 ||     1
Evoke: Wand              |       |       |     2 ||     2
  Use: Scroll            |       |     7 |     2 ||     9
       Potion            |       |     1 |     1 ||     2
  Eat: Chunk             |     5 |     9 |    21 ||    35
Armor: Animal skin       |    10 |    10 |       ||    20
       Chain mail        |       |    66 |   184 ||   250
       Plate armour      |       |       |    21 ||    21
Dodge: Dodged            |    45 |    74 |   143 ||   262
